Map: Emerald City LE

Players

qqq

  • Race: Protoss Protoss
  • Spawn Location: 5:00

Massa

  • Race: Terran Terran
  • League: Platinum
  • Spawn Location: 5:00

FireFly - Winner!

  • Race: Protoss Protoss
  • League: Master
  • Spawn Location: 11:00

Rykuu - Winner!

  • Race: Zerg Zerg
  • League: Master
  • Spawn Location: 11:00

VOD

Have the link to the VOD?

Description

Time

  • Played on: Jan. 30, 2021, 11:53 a.m.
  • Length: 18:04
Show
View Real Time Build Order
Export as new Build Order

qqq Protoss 

Build Orders: Cannon Rush, Carriers 

Get SALT Encoding   

  12  0:00  Probe  
  13  0:17  Pylon  
  13  0:18  Probe  
  14  0:30  Probe  
  15  0:39  Forge  
  15  0:44  Probe  
  16  1:04  Pylon  
  16  1:07  Pylon  
  16  1:09  Pylon  
  16  1:14  Pylon  
  16  1:29  Photon Cannon  
  16  1:34  Photon Cannon  
  16  1:42  Pylon  
  16  1:49  Photon Cannon  
  16  2:01  Photon Cannon  
  16  2:05  Photon Cannon  
  16  2:14  Photon Cannon  
  16  2:21  Photon Cannon  
  16  2:27  Gateway  
  16  2:39  Photon Cannon  
  16  2:55  Photon Cannon  
  16  2:59  Probe  
  17  3:11  Probe  
  18  3:19  Assimilator, Cybernetics Core  
  18  3:23  Probe, Assimilator  
  19  3:35  Photon Cannon  
  19  3:38  Probe  
  20  3:56  Probe (Chrono Boost)  
  20  3:58  Pylon  
  21  4:08  Probe (Chrono Boost)  
  22  4:13  Stargate  
  22  4:16  Probe (Chrono Boost)  
  22  4:23  Probe  
  23  4:35  Probe  
  24  4:44  Nexus  
  24  4:49  Probe  
  25  5:01  Probe  
  25  5:05  Phoenix  
  28  5:22  Fleet Beacon  
  28  5:35  Pylon  
  28  5:36  Probe, Pylon  
  29  5:52  Probe  
  29  5:53  Protoss Air Weapons Level 1 (Chrono Boost)  
  30  6:04  Probe  
  30  6:06  Pylon  
  30  6:07  Void Ray (Chrono Boost)  
  31  6:14  Shield Battery  
  35  6:24  Photon Cannon  
  35  6:26  Pylon  
  35  6:36  Probe  
  35  6:37  Probe  
  37  6:48  Probe  
  37  6:49  Probe  
  37  6:52  Carrier (Chrono Boost)  
  45  7:02  Assimilator  
  45  7:04  Probe x2 (Chrono Boost)  
  45  7:06  Assimilator  
  46  7:15  Probe (Chrono Boost)  
  48  7:17  Probe (Chrono Boost)  
  48  7:19  Probe (Chrono Boost)  
  49  7:25  Probe  
  50  7:30  Probe  
  51  7:37  Probe  
  51  7:43  Probe  
  53  7:45  Protoss Air Armor Level 1 (Chrono Boost)  
  53  7:49  Probe  
  54  7:55  Probe  
  55  7:59  Carrier (Chrono Boost)  
  62  8:07  Probe  
  62  8:19  Probe  
  63  8:23  Nexus  
  63  8:26  Pylon  
  63  8:30  Pylon  
  63  8:37  Stargate  
  63  8:45  Photon Cannon  
  63  8:50  Photon Cannon  
  63  8:54  Robotics Facility  
  63  8:56  Carrier  
  69  9:41  Probe  
  69  9:45  Protoss Air Weapons Level 2 (Chrono Boost)  
  70  9:47  Nexus  
  70  9:50  Pylon  
  70  9:51  Observer  
  79  9:53  Pylon  
  79  9:54  Probe  
  80  10:00  Carrier  
  80  10:03  Mothership (Chrono Boost)  
  86  10:12  Observer, Photon Cannon  
  87  10:15  Photon Cannon  
  87  10:18  Tempest  
  92  10:28  Probe (Chrono Boost)  
  93  10:33  Assimilator  
  93  10:37  Assimilator  
  93  10:39  Probe (Chrono Boost)  
  94  10:43  Probe (Chrono Boost)  
  95  10:55  Probe (Chrono Boost)  
  96  11:01  Carrier  
  96  11:03  Probe (Chrono Boost)  
  103  11:08  Probe (Chrono Boost)  
  104  11:14  Probe (Chrono Boost)  
  104  11:15  Probe (Chrono Boost)  
  106  11:19  Probe (Chrono Boost)  
  106  11:21  Carrier  
  106  11:24  Probe (Chrono Boost)  
  115  11:35  Probe (Chrono Boost)  
  115  11:37  Probe (Chrono Boost)  
  116  11:42  Probe  
  116  11:45  Probe  
  118  11:54  Probe  
  119  11:56  Shield Battery  
  119  11:57  Probe, Photon Cannon  
  119  11:59  Photon Cannon  
  119  12:00  Pylon  
  120  12:05  Carrier  
  120  12:06  Probe  
  127  12:09  Probe  
  127  12:11  Protoss Air Armor Level 2  
  128  12:18  Probe  
  128  12:21  Probe  
  121  12:25  Carrier  
  118  12:38  Pylon  
  118  12:39  Pylon  
  118  12:41  Pylon  
  118  12:44  Pylon  
  104  13:12  Carrier  
  93  13:23  Probe  
  94  13:30  Carrier  
  100  13:36  Probe  
  101  13:44  Nexus  
  101  13:47  Pylon  
  101  13:48  Probe  
  102  13:51  Pylon  
  102  14:00  Probe  
  87  14:12  Probe  
  87  14:16  Carrier  
  76  14:24  Probe  
  77  14:36  Probe  
  77  14:37  Forge  
  78  14:48  Probe  
  79  15:00  Probe  
  80  15:12  Probe  
  62  15:40  Void Ray  
  53  15:42  Probe  
  61  15:54  Probe  
  60  16:01  Nexus  
  56  16:07  Probe  
  57  16:19  Probe  
  58  16:31  Probe  
  47  16:46  Void Ray x2  
  49  16:57  Pylon  
  49  17:00  Pylon  
  47  17:34  Forge  
  41  18:04  Nexus  
Show
View Real Time Build Order
Export as new Build Order

Massa Terran 

Build Orders:  

Get SALT Encoding   

  12  0:00  SCV  
  13  0:12  SCV  
  14  0:22  Supply Depot  
  14  0:24  SCV  
  15  0:30  Refinery  
  15  0:44  SCV  
  15  0:45  Barracks  
  16  0:56  SCV  
  17  1:08  SCV  
  18  1:20  SCV  
  19  1:38  Command Center  
  19  1:42  Barracks Tech Lab  
  19  1:47  Supply Depot  
  19  1:50  SCV  
  20  2:00  Marine  
  21  2:03  Stimpack  
  21  2:10  Barracks  
  21  2:17  Marine  
  22  2:29  Factory  
  22  2:36  Orbital Command  
  22  2:45  Marine  
  23  2:51  Orbital Command  
  23  2:57  Barracks Reactor  
  23  3:02  Marine  
  24  3:15  Starport  
  24  3:18  SCV  
  25  3:20  SCV, Marine  
  27  3:33  Factory Tech Lab  
  27  3:35  SCV  
  27  3:36  SCV  
  27  3:38  Refinery  
  27  3:40  Marine  
  30  3:42  Marine  
  30  3:43  Marine  
  30  3:48  SCV x2  
  34  3:55  Engineering Bay  
  34  3:58  Marine  
  34  4:00  Widow Mine, SCV, Marine  
  39  4:04  SCV  
  40  4:12  SCV  
  40  4:14  Supply Depot  
  40  4:16  SCV, Supply Depot  
  42  4:24  SCV  
  42  4:28  SCV  
  44  4:33  Medivac  
  44  4:35  Siege Tank  
  48  4:40  Missile Turret  
  48  4:43  Missile Turret  
  48  4:44  SCV  
  48  4:45  SCV  
  50  4:46  Refinery  
  50  4:47  Marine  
  50  4:49  Marine  
  50  4:51  Marine  
  53  4:55  Combat Shield  
  53  4:57  SCV x2  
  55  5:05  Marine  
  55  5:06  Marine  
  57  5:10  Marauder  
  59  5:23  Marine  
  59  5:24  Marine  
  61  5:30  Refinery  
  61  5:33  Supply Depot  
  61  5:35  Supply Depot x2  
  61  5:36  Terran Infantry Weapons Level 1  
  61  5:37  Supply Depot  
  61  5:40  Engineering Bay  
  61  5:55  SCV, Marauder, Siege Tank  
  61  5:56  SCV  
  68  5:58  Supply Depot  
  68  6:08  SCV x2  
  68  6:09  Marine x2  
  72  6:12  Medivac  
  72  6:15  Terran Infantry Armor Level 1  
  72  6:17  Marauder  
  76  6:26  Marine x2  
  78  6:38  Marauder  
  80  6:49  Marine x2  
  80  6:50  Siege Tank  
  80  6:51  Medivac  
  80  6:52  SCV x2  
  89  6:56  Command Center  
  89  6:58  Concussive Shells  
  89  6:59  Marauder  
  91  7:03  Armory  
  91  7:04  SCV x2  
  91  7:06  Marine  
  91  7:07  Marine  
  95  7:08  Missile Turret  
  95  7:14  Sensor Tower  
  95  7:21  Marauder  
  95  7:22  Siege Tank  
  100  7:27  Supply Depot  
  100  7:30  Supply Depot  
  100  7:35  Marine  
  101  7:44  Barracks  
  101  7:46  Starport Reactor  
  101  7:48  Barracks, Marauder  
  101  7:51  Supply Depot  
  103  7:53  Supply Depot  
  103  7:55  Terran Infantry Weapons Level 2  
  103  8:07  Widow Mine  
  103  8:09  Smart Servos  
  105  8:14  Supply Depot  
  105  8:17  Marine x2  
  105  8:18  Marauder  
  109  8:35  Marine x2  
  109  8:36  Planetary Fortress  
  109  8:38  SCV x2  
  109  8:39  Marauder  
  115  8:50  SCV x2  
  115  8:53  Marine  
  118  8:56  Missile Turret  
  118  9:02  SCV  
  119  9:03  Marine  
  119  9:07  Barracks Tech Lab  
  121  9:10  Medivac x2  
  121  9:12  Barracks Reactor  
  121  9:13  Terran Infantry Armor Level 2  
  121  9:15  Terran Vehicle Weapons Level 1  
  121  9:16  SCV x2  
  121  9:17  SCV  
  129  9:24  Thor  
  129  9:28  SCV  
  129  9:29  SCV x2  
  135  9:40  SCV  
  135  9:41  SCV x2  
  128  9:53  SCV x3  
  128  9:56  Ghost Academy  
  131  10:02  Liberator x2  
  137  10:07  Sensor Tower, Siege Tank  
  137  10:08  Refinery  
  137  10:11  Refinery  
  142  10:28  Marauder, Marine  
  142  10:29  Marauder, Marine x2  
  142  10:31  Marine  
  148  10:41  Barracks  
  148  10:42  Barracks  
  148  10:43  Barracks  
  148  10:45  Barracks  
  148  10:46  Marine  
  148  10:47  Marine x2  
  148  10:49  Terran Infantry Weapons Level 3, Marine  
  154  10:50  Marauder x2  
  156  11:11  Marine  
  157  11:28  Terran Vehicle Weapons Level 2  
  157  11:29  Supply Depot  
  157  11:30  Supply Depot  
  157  11:31  Supply Depot  
  157  11:49  Command Center  
  157  11:50  Marine x3, Ghost, Siege Tank  
  157  11:51  Marine, Ghost  
  168  11:55  Supply Depot x3  
  168  12:10  Terran Infantry Armor Level 3  
  168  12:19  Supply Depot x2  
  168  12:22  Siege Tank  
  135  12:54  Siege Tank  
  135  12:55  Marauder x2, Marine x8  
  132  13:13  Marine x8  
  132  13:15  Marine  
  132  13:16  Marauder  
  143  13:26  Siege Tank  
  146  13:30  Marine  
  146  13:31  Marine x2  
  146  13:33  SCV  
  146  13:34  SCV x2  
  152  13:45  SCV, Marauder x2  
  152  13:46  Barracks Reactor x2, Barracks Tech Lab x2, Marine, SCV x2  
  160  13:48  Marine  
  160  13:49  Marine x2  
  160  13:50  Medivac x2  
  167  13:57  SCV  
  167  13:58  SCV x2  
  167  13:59  Siege Tank  
  173  14:06  Marauder  
  173  14:07  Marauder  
  173  14:09  SCV  
  165  14:10  SCV x2  
  139  14:20  Medivac x2  
  139  14:21  SCV  
  139  14:22  SCV x2  
  124  14:24  Marine  
  124  14:25  Marine x9  
  124  14:27  Marine  
  124  14:28  Marauder  
  124  14:31  Siege Tank  
  140  14:42  Marine  
  140  14:43  Marine x3  
  140  14:44  Marauder x2  
  148  14:50  Medivac x2  
  148  14:52  Marauder x2, Marine x2  
  158  14:53  Marine  
  158  14:55  Terran Vehicle Weapons Level 3  
  158  14:56  Hi-Sec Auto Tracking  
  158  14:57  Planetary Fortress  
  159  15:01  Refinery  
  159  15:02  Refinery  
  159  15:03  Siege Tank  
  159  15:05  Marauder x2  
  166  15:10  Command Center  
  166  15:13  Marauder x2  
  160  15:20  Marine  
  160  15:21  Marine x7  
  130  15:26  Marauder x2  
  129  15:35  Marauder x2  
  127  15:38  Marine  
  127  15:39  Marine x5  
  133  15:48  Marauder x2  
  137  15:56  Marauder x2  
  141  15:57  Sensor Tower  
  141  16:02  SCV x3  
  144  16:09  Marauder  
  137  16:14  SCV x3  
  121  16:23  Siege Tank  
  121  16:24  Marauder, Marine  
  121  16:25  Marauder x2, Marine x7  
  122  16:26  SCV x2  
  122  16:30  Marauder  
  128  16:38  Planetary Fortress  
  128  16:42  Marine  
  128  16:43  Marine x7  
  128  16:45  Marine x2  
  138  16:55  Siege Tank  
  141  17:13  Refinery  
  141  17:15  Refinery  
  141  17:17  Medivac  
  141  17:18  Medivac  
  145  17:26  Command Center  
  145  17:27  Siege Tank  
  148  17:31  Refinery  
  148  17:35  Refinery  
Show
View Real Time Build Order
Export as new Build Order

FireFly Protoss - Winner!

Build Orders:  

Get SALT Encoding   

  12  0:01  Probe  
  13  0:13  Probe  
  14  0:17  Pylon  
  14  0:25  Probe (Chrono Boost)  
  15  0:37  Probe (Chrono Boost)  
  15  0:38  Gateway  
  16  0:44  Probe (Chrono Boost)  
  17  0:50  Assimilator  
  17  0:51  Probe  
  18  1:03  Probe  
  19  1:15  Probe  
  20  1:25  Cybernetics Core  
  20  1:26  Zealot (Chrono Boost)  
  20  1:27  Probe  
  23  1:35  Pylon  
  23  1:53  Pylon  
  23  2:01  Stalker (Chrono Boost)  
  23  2:05  Shield Battery  
  23  2:06  Shield Battery  
  25  2:14  Probe  
  26  2:17  Shield Battery  
  25  2:23  Shield Battery  
  25  2:25  Cybernetics Core  
  25  2:32  Stalker  
  25  2:41  Assimilator  
  25  2:59  Warp Gate (Chrono Boost)  
  25  3:02  Stalker  
  27  3:30  Nexus  
  27  3:33  Pylon  
  27  3:58  Gateway  
  27  4:00  Gateway  
  27  4:01  Twilight Council  
  27  4:03  Robotics Facility  
  27  4:06  Probe  
  28  4:22  Probe (Chrono Boost)  
  30  4:31  Probe (Chrono Boost)  
  30  4:36  Probe (Chrono Boost)  
  31  4:39  Blink (Chrono Boost)  
  31  4:41  Stalker  
  31  4:43  Probe  
  34  4:48  Probe  
  34  4:50  Observer  
  36  4:55  Probe  
  36  4:58  Forge  
  37  5:00  Probe  
  38  5:07  Probe  
  38  5:12  Probe, Observer  
  41  5:19  Probe, Stalker x2  
  46  5:24  Probe  
  47  5:31  Probe  
  47  5:32  Assimilator  
  48  5:36  Probe  
  49  5:43  Probe  
  50  6:11  Protoss Ground Weapons Level 1 (Chrono Boost), Stalker x2  
  54  6:19  Pylon x2  
  54  6:20  Nexus  
  54  6:24  Pylon  
  54  6:40  Probe x2  
  56  6:49  Stalker x3  
  56  6:52  Probe  
  63  6:54  Gateway x2  
  63  6:56  Charge (Chrono Boost)  
  63  6:57  Probe, Gateway  
  64  7:18  Probe x2  
  66  7:30  Probe  
  66  7:31  Probe  
  66  7:32  Probe  
  66  7:34  Gateway  
  66  7:36  Gateway  
  69  7:42  Probe  
  69  7:43  Probe, Zealot x3  
  77  7:47  Templar Archives  
  77  7:48  Probe  
  78  7:54  Probe  
  78  7:56  Probe  
  80  7:59  Observer  
  80  8:04  Protoss Ground Weapons Level 2 (Chrono Boost)  
  80  8:07  Probe, Forge  
  80  8:08  Probe x2  
  80  8:11  Psionic Storm  
  83  8:15  Zealot x2  
  83  8:16  Zealot  
  90  8:20  Probe  
  90  8:33  High Templar  
  92  8:37  Probe  
  92  8:40  Pylon  
  93  8:42  Protoss Ground Armor Level 1 (Chrono Boost)  
  93  8:43  Pylon  
  93  8:44  Pylon  
  93  8:46  Pylon  
  93  8:47  Assimilator  
  93  8:49  Assimilator  
  93  8:50  Assimilator  
  93  8:58  Probe x3  
  96  9:07  High Templar x2, Nexus  
  96  9:08  High Templar, Zealot  
  104  9:10  Probe x2, Pylon  
  106  9:17  Probe  
  106  9:22  Probe x2  
  109  9:29  Probe  
  110  9:34  Probe x2  
  112  9:41  Stalker x4  
  112  9:42  Stalker x3  
  112  9:43  Zealot  
  128  9:59  Probe  
  129  10:00  Probe  
  129  10:04  Probe  
  130  10:12  Probe x2  
  132  10:16  Probe  
  132  10:18  Pylon  
  132  10:19  Pylon x2  
  132  10:20  Pylon  
  133  10:24  Pylon x2  
  133  10:26  High Templar x4  
  133  10:28  Zealot x3  
  147  10:30  Archon  
  147  10:31  Archon, Warp Prism (Chrono Boost)  
  148  11:00  Photon Cannon  
  148  11:02  Photon Cannon  
  148  11:03  Photon Cannon  
  148  11:04  Photon Cannon  
  148  11:07  Probe x3  
  152  11:11  Observer  
  152  11:13  Photon Cannon  
  152  11:14  Photon Cannon  
  152  11:16  Photon Cannon  
  152  11:17  Photon Cannon  
  152  11:20  Gateway  
  152  11:22  Gateway  
  152  11:23  Zealot x6  
  152  11:24  Zealot x2  
  152  11:25  Gateway x2  
  168  11:28  Protoss Ground Armor Level 2 (Chrono Boost), Protoss Ground Weapons Level 3 (Chrono Boost)  
  169  11:32  Observer  
  169  11:52  Zealot  
  169  11:53  Zealot x5  
  169  11:54  Zealot x2  
  185  12:13  Zealot x2  
  185  12:14  Zealot x3  
  195  12:20  Pylon  
  195  12:22  Pylon  
  191  12:24  Pylon  
  191  12:26  Pylon  
  191  12:28  Stargate  
  175  12:30  Pylon, Stargate  
  175  12:32  Pylon  
  175  12:33  Stargate  
  131  13:04  Stalker x5  
  131  13:05  Stalker x3  
  147  13:06  Stalker x4  
  147  13:11  Assimilator  
  155  13:15  Assimilator  
  155  13:18  Fleet Beacon  
  155  13:28  Stalker x4  
  155  13:29  Stalker x4  
  155  13:30  Stalker x4  
  117  14:14  Tempest x3 (Chrono Boost)  
  89  14:21  Zealot x6  
  89  14:22  Zealot x6  
  126  14:31  Immortal (Chrono Boost)  
  126  14:33  Protoss Shields Level 1 (Chrono Boost)  
  130  14:45  Stalker x4  
  138  14:46  Zealot x2  
  138  14:47  Tempest x3 (Chrono Boost), Zealot x5  
  167  14:59  Stalker  
  169  15:04  Immortal  
  163  15:22  Tempest x2  
  167  15:37  Zealot x3  
  167  15:38  Zealot x6  
  167  15:39  Zealot x3  
  189  15:45  Tempest  
  194  15:58  High Templar x2  
  194  15:59  Zealot  
  160  16:28  Tempest (Chrono Boost)  
  110  16:50  Zealot x2  
  110  16:51  Zealot x4  
  110  16:52  Zealot x6  
  129  17:01  Tempest x2 (Chrono Boost)  
  133  17:24  High Templar x3  
  133  17:25  High Templar  
  133  17:26  Zealot x7  
  139  17:51  Nexus  
  139  17:52  Pylon  
  139  17:55  Assimilator  
  129  17:59  Assimilator  
Show
View Real Time Build Order
Export as new Build Order

Rykuu Zerg - Winner!

Build Orders: Hatch First 

Get SALT Encoding   

  12  0:02  Drone  
  13  0:13  Overlord  
  13  0:17  Drone  
  14  0:31  Drone x2  
  16  0:36  Drone  
  17  0:54  Hatchery  
  16  0:58  Drone  
  16  1:03  Drone  
  18  1:05  Extractor  
  17  1:11  Drone  
  18  1:19  Spawning Pool  
  18  1:23  Drone  
  18  1:39  Drone  
  20  1:40  Drone  
  20  1:56  Overlord  
  20  2:07  Queen  
  20  2:08  Queen  
  22  2:11  Baneling Nest  
  22  2:13  Zergling x4  
  22  2:14  Zergling x2  
  26  2:31  Zergling x6  
  29  2:42  Zergling x2  
  30  2:47  Zergling x4  
  32  2:54  Baneling x2  
  32  2:58  Baneling x3  
  32  3:03  Drone x3  
  35  3:07  Drone  
  33  3:24  Overlord x4  
  31  3:30  Metabolic Boost  
  29  3:44  Zergling x10  
  34  3:51  Drone x2  
  36  3:59  Drone x2  
  38  4:03  Drone  
  39  4:20  Drone x2  
  39  4:21  Drone x2  
  43  4:27  Lair  
  43  4:33  Hatchery  
  42  4:42  Overlord x2  
  42  4:43  Drone x2  
  42  4:44  Overlord  
  44  4:53  Zergling x6  
  44  4:54  Zergling x4  
  48  5:03  Drone x2  
  49  5:07  Extractor  
  48  5:19  Spore Crawler  
  47  5:22  Spore Crawler  
  47  5:24  Queen  
  47  5:27  Queen  
  50  5:34  Drone x3  
  50  5:35  Drone x4  
  57  5:39  Centrifical Hooks  
  57  5:45  Queen  
  59  6:01  Drone x6  
  65  6:12  Zergling x12  
  71  6:20  Drone x3  
  71  6:21  Queen  
  71  6:24  Queen  
  71  6:25  Queen  
  79  6:43  Spore Crawler  
  79  6:44  Spore Crawler  
  79  6:46  Spore Crawler  
  79  6:47  Drone x7  
  78  6:49  Spore Crawler  
  78  6:53  Spore Crawler  
  81  6:56  Spore Crawler  
  80  7:05  Drone  
  80  7:06  Drone x3  
  84  7:11  Drone  
  84  7:12  Queen  
  87  7:20  Drone  
  87  7:22  Drone  
  89  7:29  Hatchery  
  88  7:32  Zergling x2  
  88  7:34  Baneling x2  
  88  7:35  Baneling x7  
  88  7:36  Baneling x3  
  89  7:42  Evolution Chamber  
  89  7:43  Evolution Chamber  
  87  7:52  Zergling x2  
  87  7:53  Zergling x2  
  89  8:24  Overlord x3  
  89  8:25  Overlord x2  
  89  8:29  Overlord  
  89  8:35  Baneling  
  89  8:36  Baneling x20  
  89  8:37  Hatchery  
  89  8:39  Zergling x2  
  89  8:44  Zergling x2  
  89  8:45  Zergling x34  
  107  8:53  Extractor  
  107  8:54  Extractor  
  105  8:56  Drone  
  105  8:57  Overlord  
  105  8:58  Extractor  
  105  9:01  Extractor, Drone, Spire  
  104  9:08  Drone x5  
  104  9:09  Drone x6  
  116  9:10  Drone  
  116  9:15  Drone  
  116  9:16  Drone  
  118  9:23  Zerg Melee Weapons Level 1  
  118  9:46  Zerg Ground Armor Level 1  
  118  9:58  Drone  
  118  9:59  Drone x2  
  121  10:11  Zergling x16  
  121  10:12  Zergling x10  
  134  10:17  Drone  
  134  10:18  Drone x2  
  137  10:26  Zerg Flyer Weapons Level 1  
  137  10:28  Spire  
  137  10:31  Zergling x4  
  137  10:32  Zergling x38  
  157  10:52  Overlord  
  157  10:53  Overlord x3  
  157  11:06  Hatchery  
  157  11:07  Drone  
  157  11:10  Queen  
  159  11:15  Spine Crawler  
  159  11:16  Drone x2, Spore Crawler  
  159  11:17  Spine Crawler  
  158  11:19  Drone x2  
  158  11:20  Drone  
  161  11:26  Drone  
  161  11:27  Drone x6  
  161  11:28  Drone x4  
  172  11:38  Drone x6  
  172  11:39  Drone  
  179  11:42  Overlord x3  
  179  11:45  Extractor  
  179  11:46  Extractor  
  179  11:47  Zerg Flyer Armor Level 1  
  177  11:52  Infestation Pit  
  176  11:56  Overseer  
  176  11:57  Pneumatized Carapace  
  155  12:37  Zergling x6  
  155  12:38  Zergling x4  
  157  12:48  Zergling x2  
  157  12:49  Zergling x38  
  157  12:50  Zergling x28  
  178  13:10  Corruptor x3  
  178  13:11  Corruptor x8  
  178  13:12  Corruptor x7  
  186  13:13  Corruptor x2  
  189  13:25  Drone x2  
  190  13:29  Overseer x3  
  190  13:30  Corruptor x4  
  190  13:31  Corruptor x3  
  200  13:46  Overseer x6  
  200  13:54  Hatchery  
  175  14:16  Corruptor x4  
  134  14:25  Corruptor x4  
  134  14:27  Zergling x6  
  134  14:28  Zergling x54  
  168  14:36  Zergling x2, Corruptor x3  
  171  14:39  Zergling x10  
  171  14:40  Zergling x6  
  178  14:56  Corruptor x4  
  186  15:00  Spore Crawler  
  186  15:01  Spore Crawler  
  158  15:23  Corruptor  
  158  15:24  Corruptor x4  
  149  15:31  Corruptor x2  
  150  15:36  Drone  
  150  15:37  Drone x5  
  150  15:38  Drone x2  
  150  15:40  Drone, Queen  
  150  15:41  Drone  
  160  15:50  Drone x5  
  160  15:56  Extractor  
  164  15:58  Drone  
  164  15:59  Extractor, Drone x3  
  164  16:01  Hatchery  
  145  16:26  Zergling x2  
  145  16:27  Zergling x28  
  145  16:28  Zergling x18  
  169  16:40  Queen  
  169  16:42  Zergling x4  
  169  16:43  Zergling x14  
  181  16:47  Zergling x10  
  181  16:51  Baneling  
  181  16:52  Baneling x19  
  181  16:53  Baneling x16  
  181  16:54  Baneling x3  
  185  17:01  Corruptor x2  
  185  17:07  Drone x5  
  194  17:27  Drone x3, Queen  
Tags
 
Add a new tag
Caveats
  • Supply blocks, unpowered buildings, or Contaminate may cause inaccurate times.
  • Supply counts are checked every 10 seconds.